 Dungeon Crawl Stone Soup version 0.22.1-6-g1668fe2c40 (webtiles) character file.

101 Jerry the Skirmisher (level 4, -2/37 HPs)
             Began as a Demonspawn Chaos Knight on Jan 18, 2019.
             Slain by Crazy Yiuf
             ... wielding a +2 quarterstaff of chaos
              (18 damage)
             ... while paralysed by Crazy Yiuf
             ... on level 2 of the Dungeon.
             The game lasted 00:04:34 (1625 turns).

Jerry the Skirmisher (Demonspawn Chaos Knight)      Turns: 1625, Time: 00:04:35

Health: -2/37      AC:  5    Str: 14    XL:     4   Next: 48%
Magic:  0/4        EV:  2    Int: 13    God:    Xom [..*...]
Gold:   93         SH:  0    Dex: 12    Spells: 3/3 levels left

rFire    . . .     SeeInvis .   a - +0 falchion (chaos)
rCold    . . .     Gourm    .   (no shield)
rNeg     . . .     Faith    .   b - +2 leather armour
rPois    .         Spirit   +   (no helmet)
rElec    .         Reflect  .   (no cloak)
rCorr    .         Harm     .   (no gloves)
MR       .....                  (no boots)
Stlth    +.........             (no amulet)
HPRegen  0.12/turn              (no ring)
MPRegen  0.09/turn              (no ring)

@: paralysed, drained
A: hooves 1, magic shield
a: Renounce Religion


You were on level 2 of the Dungeon.
You worshipped Xom.
You were a toy of Xom.
You were not hungry.

You visited 1 branch of the dungeon, and saw 2 of its levels.

You collected 93 gold pieces.

Inventory:

Hand Weapons
 a - a +0 falchion of chaos (weapon)
 f - a cursed -1 dagger
 g - a +1 short sword of venom
 n - a +2 dagger of holy wrath
Armour
 b - a +2 leather armour (worn)
Scrolls
 h - 4 scrolls of identify {unknown}
 i - 2 scrolls of amnesia {unknown}
 k - a scroll of fear {unknown}
 m - 2 scrolls of remove curse {unknown}
Potions
 d - a potion of might
 e - a potion of invisibility
 l - a potion of degeneration {unknown}
Comestibles
 c - 3 rations
 j - 5 chunks of flesh


   Skills:
 + Level 3.7(3.4) Fighting
 + Level 3.3(3.1) Long Blades
 + Level 2.6(2.3) Armour
 + Level 2.0(1.8) Dodging


You had 3 spell levels left.
You didn't know any spells.
Your spell library was empty.

Dungeon Overview and Level Annotations

Branches:
Dungeon (2/15)

Altars:
Xom

Annotations:
D:2 Crazy Yiuf


Innate Abilities, Weirdness & Mutations

You have large cloven feet.
When hurt, damage is shared between your health and your magic reserves.


Message History

Xom's attention turns to you for a moment.
The dust glows bright yellow!
There is an open door here.
Crazy Yiuf says, "No facts are to me sacred; none are profane; I simply You barely miss Crazy Yiuf.
You kick Crazy Yiuf.
Crazy Yiuf is lightly wounded.
Crazy Yiuf misses you. Crazy Yiuf hits you but does no damage.
You hit Crazy Yiuf. You freeze Crazy Yiuf.
Crazy Yiuf is heavily wounded.
Crazy Yiuf hits you but does no damage.
You feel drained.
You barely miss Crazy Yiuf. You kick Crazy Yiuf.
Crazy Yiuf is heavily wounded.
Crazy Yiuf screams, "Seed!
Ice forty-two Xom."
Crazy Yiuf hits you with a quarterstaff of chaos.
You suddenly lose the ability to move!
Crazy Yiuf hits you with a quarterstaff of chaos! x2
A shower of butterflies erupts from you!
You are electrocuted!
You die...
Xom cackles wildly!

# #........# #
#........# ##
#........# .#
#.######## .#####.#
.....#.#######
####.......#.### ####
............#..##bb.#
###........####.@gb.#
....<.....## ###..)#
##.....#### ####
...##..# .####..#
.......######### ##
#####..........# #.#
#..........####..#
##...............####


You could see Crazy Yiuf.

Vanquished Creatures
  An orc priest (D:2)
  3 adders
  A dart slug (D:2)
  A leopard gecko (D:2)
  4 orcs
  10 bats
  4 giant cockroaches
  2 goblins (D:1)
  4 hobgoblins
  5 kobolds
  2 rats
37 creatures vanquished.

Notes
Turn   | Place    | Note
-------+----------+-------------------------------------------
     0 | D:1      | Jerry the Demonspawn Chaos Knight began the quest for the
                  | Orb.
     0 | D:1      | Reached XP level 1. HP: 18/18 MP: 1/1
    36 | D:1      | Reached skill level 1 in Dodging
    91 | D:1      | Gained mutation: When hurt, damage is shared between your
                  | health and your magic reserves. [demonic ancestry]
    91 | D:1      | Reached XP level 2. HP: 24/24 MP: 2/2
   586 | D:1      | Gained mutation: You have large cloven feet. [demonic
                  | ancestry]
   586 | D:1      | Reached XP level 3. HP: 17/29 MP: 1/3
   944 | D:1      | XOM: potion effect (magic)
   950 | D:1      | XOM: smoke on damage
  1080 | D:1      | XOM: divination: detect creatures
  1248 | D:1      | XOM: cloud trail
  1359 | D:1      | XOM: scenery: create altars
  1386 | D:2      | Reached XP level 4. HP: 34/36 MP: 4/4
  1613 | D:2      | Found a runed door.
  1617 | D:2      | Noticed Crazy Yiuf
  1618 | D:2      | XOM: mild Tmut miscast
  1622 | D:2      | Paralysed by Crazy Yiuf for 5 turns
  1625 | D:2      | XOM: butterfly on damage
  1625 | D:2      | Slain by Crazy Yiuf

Skill      XL: |  1  2  3 |
---------------+----------+-----
Dodging        | 1 2 |  2.0
Armour         | 2 |  2.6
Long Blades    | 3 |  3.3
Fighting       | |  3.7

Action                   |  1- 3 |  4- 6 || total
-------------------------+-------+-------++-------
Melee: Falchion          |    92 |    16 ||   108
       Kick              |    11 |     6 ||    17
  Use: Potion            |     3 |       ||     3
 Stab: Paralysed         |     2 |       ||     2
       Confused          |     2 |       ||     2
  Eat: Chunk             |       |     2 ||     2
Armor: Leather armour    |    45 |     4 ||    49
Dodge: Dodged            |    69 |    12 ||    81
       Rpst.: Falchion   |    20 |     1 ||    21
